 Dungeon Crawl Stone Soup version 0.28-a0-792-g75f770b44e (webtiles) character file.

Game seed: 15569377994920190333

2 Grim the Ducker (level 1, 16/16 HPs)
             Began as a Mummy Gladiator on Nov 3, 2021.
             Quit the game on level 1 of the Dungeon.
             The game lasted 00:00:13 (105 turns).

Grim the Ducker (Mummy Gladiator)                    Turns: 105, Time: 00:00:13

Health: 16/16      AC:  4    Str: 17    XL:     1   Next: 33%
Magic:  1/1        EV: 12    Int:  7    God:
Gold:   13         SH:  0    Dex: 13    Spells: 0/0 levels left

rFire   x . .      SeeInvis .   a - +0 quarterstaff
rCold   + . .      Faith    .   (shield currently unavailable)
rNeg    + + +      Spirit   .   b - +0 leather armour
rPois   ∞          Reflect  .   c - +0 helmet
rElec   .          Harm     .   (no cloak)
rCorr   .          Rampage  .   (no gloves)
Will    .....                   (no boots)
Stlth   +.........              (no amulet)
HPRegen 0.05/turn               (no ring)
MPRegen 0.07/turn               (no ring)

@: no status effects
A: cold resistance 1, negative energy resistance 3, torment resistance 2, heat
vulnerability 1, no potions
a: no special abilities


You were on level 1 of the Dungeon.
You visited 1 branch of the dungeon, and saw 1 of its levels.

You collected 13 gold pieces.

Inventory:

Hand Weapons
 a - a +0 quarterstaff (weapon)
Missiles
 d - 3 throwing nets (quivered)
Armour
 b - a +0 leather armour (worn)
 c - a +0 helmet (worn)


   Skills:
 + Level 2.0 Fighting
 + Level 2.4 Staves
 + Level 1.5 Throwing
 + Level 2.4 Dodging


You couldn't memorise any spells.
You didn't know any spells.
Your spell library was empty.

Dungeon Overview and Level Annotations

Branches:
Dungeon (1/15)

Altars:


Innate Abilities, Weirdness & Mutations

You are immune to poison.
Your flesh is cold resistant. (rC+)
You are immune to negative energy. (rN+++)
You are immune to unholy pain and torment.
You are vulnerable to heat. (rF-)
You do not drink.


Message History

Welcome, Grim the Mummy Gladiator.
Are you destined to find the incredible Orb of Zot, or to die trying?
Press ? for a list of commands and other information.
Found 18 stones.
Found a staircase leading out of the dungeon.
You see here 18 stones.
There is an empty arch of ancient stone here.
Found a club.
A dart slug comes into view.
The dart slug launches a dart at you. The slug dart hits you.
You see here a +0 club.
The dart slug launches a dart at you. The slug dart misses you.
The dart slug launches a dart at you. The slug dart hits you.
You hit the dart slug.
The dart slug is moderately wounded.
The dart slug launches a dart at you. The slug dart misses you.
You hit the dart slug.
The dart slug is heavily wounded.
You barely miss the dart slug.
The dart slug is heavily wounded.
The dart slug closely misses you.
You hit the dart slug.
The dart slug is severely wounded.
The dart slug launches a dart at you. The slug dart misses you.
You hit the dart slug.
You kill the dart slug!
No target in view!
You start resting.
HP restored.
You now have 13 gold pieces.
A jackal comes into view.
Unknown command.
Are you sure you want to abandon this character and quit the game? (Confirm with "yes".)

###h ..... ##... ##...
#####..# ##<##.@###
###.(.###..# .....
#...≈...#..## ....#
#.8.≈.8.#...## ....#
#...≈...#....# ....#
#.♣.≈.♣.####.####....#
#...≈...# #....#...
#.8.≈.8.# ####.#.#
#...≈...# #...#


You could see a jackal (asleep).

Vanquished Creatures
  A dart slug (D:1)
1 creature vanquished.

Notes
Turn   | Place    | Note
-------+----------+-------------------------------------------
     0 | D:1      | Grim the Mummy Gladiator began the quest for the Orb.
     0 | D:1      | Reached XP level 1. HP: 16/16 MP: 1/1
   105 | D:1      | Quit the game

Illustrated notes

Levels and vault maps discovered:
D:1:      mainiacjoe_arrival_reflecting_pool, layout_rooms, serial_shops, shop,
          shop, shop, shop_fountains, shop, ebering_ecumenical_altar_hall

Action                   || total
-------------------------++-------
Melee: Quarterstaff      ||     5
Dodge: Dodged            ||     4

Table legend: (Time is in decaauts)
 A = Elapsed time spent in this place.
 B = Non-inter-level travel time spent in this place.
 C = Inter-level travel time spent in this place.
 D = Time resting spent in this place.
 E = Time spent auto-exploring this place.
 F = Levels seen in this place.
 G = Mean time per level.
                   A        B        C        D        E       F      G
               +--------+--------+--------+--------+--------+-----+--------+
         Total |    105 |    105 |      0 |     47 |     45 |   1 |  105.0 |
       Dungeon |    105 |    105 |      0 |     47 |     45 |   1 |  105.0 |
               +--------+--------+--------+--------+--------+-----+--------+

Top non-repeatable levels by time:
     D:1: 105 daAuts
